 Dungeon Crawl Stone Soup version 0.30.1-3-gfc49f6343a (webtiles) character file.

Game seed: 4903921273829153785

9714 cdecastro the Summoner (level 11, -15/75 HPs)
             Began as a Merfolk Summoner on July 25, 2023.
             Was the Champion of Cheibriados.
             Engulfed by a cloud of freezing vapour (26 damage)
             ... in an ice cave.
             The game lasted 00:50:44 (13852 turns).

cdecastro the Summoner (Merfolk Summoner)          Turns: 13852, Time: 00:50:45

Health: -15/75     AC: 17    Str: 24    XL:     11   Next: 50%
Magic:  16/16      EV: 24    Int: 31    God:    Cheibriados [******]
Gold:   681        SH: 14    Dex: 38    Spells: 3/16 levels left

rFire   . . .        q - +2 spear (venom)
rCold   . . .        O - +2 buckler
rNeg    . . .        Q - +4 ring mail
rPois   .            p - +0 helmet
rElec   .            N - +2 cloak {rCorr}
rCorr   +            L - +0 pair of gloves
SInv    .            Y - +2 pair of boots {Stlth+}
Will    .....        h - amulet of reflection
Stlth   ++++         g - ring of resist corrosion
HPRegen 0.32/turn    M - +6 ring of dexterity
MPRegen 0.15/turn

%: reflection
@: very slow
A: (nimble swimmer 2), mertail
a: Renounce Religion, Bend Time, Temporal Distortion, Slouch, Step From Time


You were in an ice cave.
You worshipped Cheibriados.
Cheibriados was exalted by your worship.
You visited 2 branches of the dungeon, and saw 12 of its levels.
You also visited: Bailey and Ice Cave.

You collected 712 gold pieces.
You spent 31 gold pieces at shops.

Inventory:

Hand Weapons
 a - a +3 trident
 q - a +2 spear of venom (weapon)
 R - a +6 dagger of freezing
Missiles
 v - 4 atropa-tipped darts
 B - 56 poisoned darts
 P - 8 boomerangs
 X - a curare-tipped dart
Armour
 p - a +0 helmet (worn)
 u - +0 steam dragon scales
 L - a +0 pair of gloves (worn)
 N - a +2 cloak of preservation (worn)
 O - a +2 buckler (worn)
 Q - a +4 ring mail (worn)
 Y - a +2 pair of boots of stealth (worn)
Magical Staves
 A - a staff of earth
 S - a staff of conjuration
Jewellery
 g - a ring of resist corrosion (left hand)
 h - an amulet of reflection (around neck)
 E - a ring of protection from fire
 M - a +6 ring of dexterity (right hand)
 T - a +6 ring of intelligence
Wands
 j - a wand of polymorph (4)
 C - a wand of flame (52)
 J - a wand of mindburst (10)
 U - a wand of paralysis (7)
Scrolls
 e - a scroll of amnesia
 i - a scroll of enchant weapon {unknown}
 k - 2 scrolls of summoning {unknown}
 m - a scroll of vulnerability
 o - a scroll of silence {unknown}
 s - 2 scrolls of enchant armour
 t - 3 scrolls of immolation
 x - 4 scrolls of teleportation
 y - 2 scrolls of fear
 H - a scroll of poison
 I - 4 scrolls of fog
 K - a scroll of brand weapon {unknown}
 V - a scroll of blinking {unknown}
 Z - a scroll of magic mapping {unknown}
Potions
 b - a potion of magic
 c - 3 potions of might
 d - 5 potions of attraction
 f - a potion of flight {unknown}
 l - 4 potions of curing {unknown}
 n - a potion of lignification {unknown}
 w - 2 potions of resistance
 z - 2 potions of brilliance
 D - 3 potions of haste
 F - 2 potions of degeneration {unknown}
 W - a potion of ambrosia {unknown}


   Skills:
 - Level 3.2 Fighting
 - Level 4.1 Polearms
 - Level 10.0 Dodging
 - Level 2.1 Stealth
 - Level 3.0 Spellcasting
 - Level 14.0 Summonings
 * Level 7.8 Invocations


You had 3 spell levels left.
You knew the following spells:

 Your Spells              Type           Power      Damage    Failure   Level
a - Summon Small Mammal   Summ           100%       N/A       1%          1
b - Call Imp              Summ           100%       N/A       1%          2
c - Call Canine Familiar  Summ           75%        N/A       1%          3
d - Summon Guardian Gole  Hex/Summ       48%        N/A       2%          3
e - Summon Lightning Spi  Summ/Air       48%        N/A       8%          4

Your spell library contained the following spells:

 Spells                   Type           Power      Damage    Failure   Level
 Beastly Appendage        Tmut           8%         N/A       13%         1
 Kiss of Death            Conj/Necr      16%        2d6       13%         1
 Ensorcelled Hibernation  Hex/Ice        8%         N/A       21%         2
 Wereblood                Tmut           4%         N/A       21%         2
 Confusing Touch          Hex            4%         N/A       36%         3
 Inner Flame              Hex/Fire       4%         N/A       36%         3
 Spider Form              Tmut/Pois      4%         N/A       36%         3
 Vhi's Electric Charge    Tloc/Air       8%         N/A       36%         3
 Anguish                  Hex/Necr       2%         N/A       78%         4
 Dispel Undead            Necr           4%         3d7       78%         4
 Manifold Assault         Tloc           4%         N/A       78%         4
 Arcjolt                  Conj/Air       2%         1d12      98%         5
 Yara's Violent Unravell  Hex/Tmut       2%         3d3       98%         5
 Dispersal                Tloc           2%         N/A       100%        6
 Enfeeble                 Hex            2%         N/A       100%        7
 Disjunction              Tloc           2%         N/A       100%        8
 Maxwell's Capacitive Co  Air            2%         ∞         100%        8


Dungeon Overview and Level Annotations

Branches:
Dungeon (11/15)            Temple (1/1) D:6            Lair (0/5) D:10
    Orc (0/2) D:10         Bailey (visited)           IceCv (1/1)

Altars:
Ashenzari
Cheibriados
Dithmenos
Elyvilon
Fedhas
Gozag
Hepliaklqana
Kikubaaqudgha
Makhleb
Nemelex Xobeh
Okawaru
Qazlal
Ru
Sif Muna
Trog
Uskayaw
Vehumet
Wu Jian
Xom
Yredelemnul
Zin
The Shining One

Shops:
D:3 =   D:5 *

Annotations:
D:4 vault need dig IceCv exclusions: 2 ice statues and reaper


Innate Abilities, Weirdness & Mutations

((You are very nimble when in or above water. (Stealth+, EV+, Speed+++)))
Your lower body shifts to a powerful aquatic tail in water.


Message History

Magic courses through your body.
Casting: Call Canine Familiar (safe; 1% risk of failure)
Confirm with . or Enter, or press ? or * to list all spells.
An electric hum fills the air.
Unknown command.
Unknown command.
The ice devil misses you. x2
Your lightning spire shoots out a bolt of lightning at the ice devil!
The bolt of electricity hits the ice devil!!
The bolt of electricity hits the ice devil!
The bolt of electricity hits your lightning spire.
Your lightning spire completely resists.
Unknown command.
Unknown command.
You catch the helpless ice devil completely off-guard!
You hit the ice devil.
The ice devil is poisoned.
The ice devil is almost dead.
The ice devil closely misses you.
Your lightning spire shoots out a bolt of lightning at the ice devil!
The bolt of electricity hits the ice devil!
The ice devil dies!
Cheibriados thoroughly appreciates the change of pace.
The bolt of electricity hits your lightning spire.
Your lightning spire completely resists.
You start resting.
Your lightning spire disappears in a puff of smoke!
Magic restored.
You start waiting.
You are engulfed in freezing vapours.
You start resting.
HP restored.
An ice devil comes into view.
An ice devil comes into view.
You are engulfed in freezing vapours.
You are engulfed in freezing vapours.
* * * LOW HITPOINT WARNING * * *
You are engulfed in freezing vapours.
* * * LOW HITPOINT WARNING * * *
You are engulfed in freezing vapours.
You die...

..............#
#............# #.§#######
#..........# #.§○....####
###8#....#8# #☼.○#§○.....###
#####..####
.○......§##....####§##§§.##
.#.○####..##.....#§§§§.#..##
4.☼ #........#...§§#°§§##..#
#4 ##......###..@§######...#
. #......##.....§# ##...##
...#.........## #...##
##..#..###...## #...## #..
##### ##...# #.. ##...## ...
##.....## .... #...∩...#
###.# #.......#


There were no monsters in sight!

Vanquished Creatures
  A rime drake (D:11)
  A hornet (D:11)
  A wyvern (D:10)
  A hydra simulacrum (IceCv)
  4 orc warriors
  An ogre (D:6)
  A centaur (D:9)
  2 bullfrogs
  A kobold brigand (D:5)
  2 wights
  3 killer bees (D:7)
  2 hounds (D:4)
  An orc priest (D:9)
  A jelly (D:5)
  Ijyb (D:4)
  2 iguanas
  2 orc wizards
  A spriggan simulacrum (IceCv)
  5 gnolls
  4 adders
  A white imp (D:7)
  An ufetubus (D:5)
  20 orcs
  7 endoplasms
  2 giant cockroaches
  5 goblins
  3 hobgoblins
  3 jackals (D:1)
  8 kobolds
  4 quokkas
  3 ball pythons
  5 bats
  5 rats
104 creatures vanquished.

Vanquished Creatures (collateral kills)
  Maurice (D:8)
  Joseph (D:8)
  Psyche (D:9)
  A rime drake (D:11)
  3 ice devils (IceCv)
  2 trolls
  2 wyverns
  A steam dragon (D:9)
  A death yak simulacrum (IceCv)
  A water moccasin (D:8)
  A hydra simulacrum (IceCv)
  A sky beast (D:7)
  7 orc warriors
  2 ice beasts
  3 centaurs (D:8)
  6 kobold brigands
  2 phantoms (D:5)
  3 two-headed ogre simulacra (IceCv)
  3 wights
  A killer bee (D:5)
  3 howler monkeys
  2 electric eels (D:10)
  A quasit (D:5)
  2 hounds
  A jelly (D:6)
  11 orc priests
  2 iguanas
  5 orc wizards
  A wolf simulacrum (IceCv)
  7 gnolls
  7 adders
  A shadow imp (D:7)
  6 white imps
  3 ufetubi (IceCv)
  3 worms (D:4)
  65 orcs
  4 bats
  6 endoplasms
  A giant cockroach (D:1)
  7 goblins
  3 hobgoblins
  2 jackals
  28 kobolds
  A ball python (D:4)
  3 frilled lizards
  5 rats
223 creatures vanquished.

Vanquished Creatures (others)
  An ice devil (IceCv)
  A steam dragon (D:10)
  A warg (D:10)
  An orc warrior (D:10)
  A centaur (D:6)
  A gnoll sergeant (D:6)
  5 wights
  3 killer bees (D:7)
  A gnoll bouda (D:5)
  An orc wizard (D:10)
  A gnoll (D:5)
  2 shadow imps (D:5)
  An ufetubus (D:5)
  6 orcs
  4 kobolds
30 creatures vanquished.

Grand Total: 357 creatures vanquished

Notes
Turn   | Place    | Note
-------+----------+-------------------------------------------
     0 | D:1      | cdecastro the Merfolk Summoner began the quest for the Orb.
     0 | D:1      | Reached XP level 1. HP: 13/13 MP: 3/3
   129 | D:1      | Reached XP level 2. HP: 19/19 MP: 3/5
   591 | D:1      | Reached XP level 3. HP: 17/24 MP: 3/6
   694 | D:1      | Reached skill level 5 in Summonings
   979 | D:2      | Learned a level 2 spell: Call Imp
  1100 | D:2      | Found a stormy altar of Qazlal.
  1503 | D:2      | Reached XP level 4. HP: 30/30 MP: 7/7
  2181 | D:2      | Learned a level 3 spell: Call Canine Familiar
  2368 | D:3      | Found a snail-covered altar of Cheibriados.
  2398 | D:3      | Reached skill level 6 in Summonings
  2563 | D:3      | Reached XP level 5. HP: 26/35 MP: 2/8
  2671 | D:3      | Became a worshipper of Cheibriados the Contemplative
  2687 | D:3      | Found Pickank's Jewellery Emporium.
  3324 | D:4      | Noticed Ijyb
  3445 | D:4      | Reached skill level 7 in Summonings
  3445 | D:4      | Reached XP level 6. HP: 27/41 MP: 5/9
  3459 | D:4      | Killed Ijyb
  3588 | D:4      | Reached * piety under Cheibriados
  3619 | D:4      | Identified the +0 robe "Plog" {rF+ Dex+3}
  4000 | D:4      | Noticed a moth of wrath
  4003 | D:4      | Found a bloodstained altar of Trog.
  4287 | D:5      | Entered Level 5 of the Dungeon
  4399 | D:5      | Learned a level 3 spell: Summon Guardian Golem
  4415 | D:5      | Reached skill level 8 in Summonings
  4415 | D:5      | Reached XP level 7. HP: 35/46 MP: 4/10
  4515 | D:5      | Reached ** piety under Cheibriados
  4702 | D:5      | Reached skill level 9 in Summonings
  5285 | D:5      | Reached XP level 8. HP: 45/52 MP: 4/11
  5368 | D:5      | You fall into a shaft and drop 2 floors!
  5370 | D:7      | Found a blossoming altar of Fedhas.
  5673 | D:7      | Found a basalt altar of Yredelemnul.
  5810 | D:5      | Reached *** piety under Cheibriados
  5811 | D:5      | Reached skill level 10 in Summonings
  5902 | D:5      | Found a burning altar of Makhleb.
  6021 | D:5      | Found Jyeseg's Assorted Antiques.
  6029 | D:5      | Bought a scroll labelled YSHIUL OKLIOWN for 31 gold pieces
  6067 | D:5      | Found an iron altar of Okawaru.
  6468 | D:6      | Reached skill level 11 in Summonings
  6736 | D:6      | Found a hide-covered altar of Uskayaw.
  6873 | D:6      | Reached **** piety under Cheibriados
  6874 | D:6      | Reached XP level 9. HP: 57/57 MP: 8/12
  6933 | D:6      | Found a sacrificial altar of Ru.
  7092 | D:6      | Found a sparkling altar of Nemelex Xobeh.
  7099 | D:6      | Reached skill level 12 in Summonings
  7183 | D:6      | Found a staircase to the Ecumenical Temple.
  7192 | Temple   | Entered the Ecumenical Temple
  7666 | D:7      | Reached skill level 1 in Polearms
  7982 | D:7      | Learned a level 4 spell: Summon Lightning Spire
  8053 | D:7      | Found a radiant altar of Vehumet.
  8623 | D:8      | Noticed Maurice
  8636 | D:8      | Reached skill level 5 in Dodging
  8643 | D:8      | Killed Maurice
  8740 | D:8      | Reached XP level 10. HP: 42/63 MP: 14/14
  8750 | D:8      | Reached skill level 13 in Summonings
  8755 | D:8      | Reached ***** piety under Cheibriados
  8876 | D:8      | Noticed Joseph
  8889 | D:8      | Killed Joseph
  9828 | D:9      | Noticed Psyche
  9852 | D:9      | Killed Psyche
  9903 | D:9      | Found a flagged portal.
  9922 | Bailey   | Entered a bailey
 10308 | Bailey   | Found the +8 frozen axe "Frostbite" {freeze, freezing
                  | cloud, *Noise Fly rC+}
 10709 | D:9      | Found a white marble altar of Elyvilon.
 11144 | D:9      | Found a glowing golden altar of the Shining One.
 11342 | D:10     | Entered Level 10 of the Dungeon
 11364 | D:10     | Reached skill level 14 in Summonings
 11373 | D:10     | Reached ****** piety under Cheibriados
 11374 | D:10     | Reached skill level 10 in Dodging
 11374 | D:10     | Reached XP level 11. HP: 49/69 MP: 2/15
 11538 | D:10     | Found a staircase to the Orcish Mines.
 11585 | D:10     | Reached skill level 1 in Fighting
 11670 | D:10     | Found a staircase to the Lair.
 11922 | D:10     | Found a hazy altar of Hepliaklqana.
 12668 | D:11     | Reached skill level 5 in Invocations
 12739 | D:11     | Found a frozen archway.
 12745 | IceCv    | Entered an ice cave
 13578 | IceCv    | Noticed a reaper
 13852 | IceCv    | Engulfed by a cloud of freezing vapour

Illustrated notes

Levels and vault maps discovered:
D:1:      onia_arrival_pyramid, layout_rooms, serial_forest,
          infiniplex_forest_end_2, infiniplex_forest_end_2,
          infiniplex_forest_lined_3, infiniplex_forest_lined_3_way,
          infiniplex_forest_straight_2, infiniplex_forest_lined_3,
          infiniplex_forest_end_3, serial_bayou_crossing
D:2:      layout_basic, basic_altar, kennysheep_generic_room_15
D:3:      layout_basic, mainiacjoe_overflow_six_doors_small, serial_shops,
          nicolae_shop_advertising_works [nicolae_subvault_shop_adworks]
D:4:      layout_gridville, tgw_trog, st_stairs_2, minmay_surrounded, uniq_ijyb
D:5:      layout_loops_ring, overflow_temple_1_default,
          mainiacjoe_overflow_cross_hatched, serial_shops,
          nicolae_shop_tiny_glass, serial_demonic, serial_demonic_g,
          serial_demonic_c, serial_demonic_g, serial_demonic_a,
          kennysheep_generic_room_12
D:6:      layout_basic, mainiacjoe_overflow_chevrons, nemelex_dance_club_becter,
          nicolae_overflow_crystal_walls, minmay_temple_entry_tees,
          chequers_jeans, kennysheep_generic_room_13
D:7:      layout_basic, yredelemnul_altar_generic, fiery_altar_vehumet,
          old_standard_altar
D:8:      layout_gridville, uniq_joseph, uniq_maurice
D:9:      layout_basic, tso_oasis_becter, kennysheep_mini, enter_bailey_4,
          minmay_misc_feat_hallway, kennysheep_generic_room_5, uniq_psyche
D:10:     layout_basic, worldfamousw_hep_ancestral_shrine, lair_entry_dummy,
          erik_orc_4, special_room [special_room_orc], serial_park_tiny_2
D:11:     layout_long_grid, serial_shops, nicolae_diamond_shop,
          portal_ice_cave_rime, ebering_ghost_rock_garden,
          nicolae_trove_entry_path_of_doom, xom_confusion_cloud, uniq_sonja
Temple:   hellmonk_temple_beads
IceCv:    ice_cave_small_demon

Skill      XL: |  1  2  3  4  5  6  7  8  9 10 11 |
---------------+----------------------------------+-----
Summonings     | 5 6 7 8 9 11 12 14 | 14.0
Spellcasting   | 3 |  3.0
Polearms       | 4 |  4.1
Dodging        | 6 10 | 10.0
Invocations    | 3 7 |  7.8
Fighting       | 3 |  3.2
Stealth        | |  2.1

Action                     |  1- 3 |  4- 6 |  7- 9 | 10-12 || total
---------------------------+-------+-------+-------+-------++-------
  Melee: Unarmed           |    22 |       |       |       ||    22
         Dagger            |    21 |       |       |       ||    21
         Spear             |    41 |   103 |   115 |   150 ||   409
         Punch             |     1 |       |       |       ||     1
   Cast: Summon Small Mamm |    38 |    12 |       |     2 ||    52
         Call Imp          |     1 |    11 |     1 |       ||    13
         Call Canine Famil |       |    22 |    33 |    44 ||    99
         Summon Guardian G |       |     1 |    21 |    10 ||    32
         Summon Lightning  |       |       |     3 |    38 ||    41
    Use: Scroll            |       |     8 |     1 |     5 ||    14
         Potion            |       |       |       |     1 ||     1
   Stab: Sleeping          |     3 |     1 |       |     1 ||     5
         Distracted        |     1 |     3 |     2 |     9 ||    15
 Armour: Robe              |    19 |    10 |    13 |       ||    42
         Ring mail         |       |       |       |    18 ||    18
  Dodge: Dodged            |    63 |    55 |    53 |    84 ||   255
  Block: Buckler           |       |       |     5 |    79 ||    84
         Reflection        |       |       |       |     7 ||     7
